 Dungeon Crawl Stone Soup version 0.31-a0-1603-gbec6b6ccbf (webtiles) character file.

Game seed: 135893838148323104

40469 jasper the Cleaver (level 14, -5/95 HPs)
             Began as a Gargoyle Berserker on Jan 7, 2024.
             Was a High Priest of Trog.
             Killed from afar by a deep elf pyromancer (10 damage)
             ... with a bolt of fire
             ... on level 12 of the Dungeon.
             The game lasted 00:37:36 (19472 turns).

jasper the Cleaver (Gargoyle Berserker)            Turns: 19472, Time: 00:37:37

Health: -5/95      AC: 34    Str: 26    XL:     14   Next: 11%
Magic:  14/14      EV:  8    Int:  8    God:    Trog [*****.]
Gold:   289        SH:  3    Dex: 11    Spells: 13/13 levels left

rFire   . . .        T - +0 war axe
rCold   + . .        A - +0 buckler
rNeg    + + .        V - +1 plate armour {rPois}
rPois   ∞            c - +2 helmet
rElec   +            (no cloak)
rCorr   .            O - +0 pair of gloves "Rekkipna" {rElec rPois rN+ Dex+2}
SInv    .            S - +0 pair of boots
Will    ++++.        C - amulet of faith Stlth
                     k - ring of willpower
HPRegen 1.35/turn    R - ring of protection from cold
MPRegen 0.14/turn

%: faith
@: on fire, marked, strong-willed, flying, regenerating, glowing
A: sickness immunity, AC +10, big wings, negative energy resistance 1,
electricity resistance, torment resistance 1, petrification resistance
a: Renounce Religion, Berserk, Trog's Hand, Brothers in Arms


You were on level 12 of the Dungeon.
You worshipped Trog.
Trog was extremely pleased with you.
You visited 2 branches of the dungeon, and saw 16 of its levels.

You collected 958 gold pieces.
You spent 669 gold pieces at shops.

Inventory:

Hand Weapons
 a - a +0 hand axe of protection
 s - a +0 whip
 H - a +2 whip of electrocution
 T - a +0 war axe (weapon)
Missiles
 d - 118 stones (quivered)
 j - 46 poisoned darts
 B - 8 boomerangs
 I - 5 curare-tipped darts
Armour
 b - a +0 animal skin
 c - a +2 helmet (worn)
 i - a +0 ring mail
 p - the +1 chain mail of Insurance {Rampage Regen+ Str-3}
   (You found it on level 3 of the Dungeon)

   Str-3:     It affects your strength (-3).
   Regen+:    It increases your rate of health regeneration.
   Rampage:   It bestows one free step when moving towards enemies.
 A - a +0 buckler (worn)
 O - the +0 pair of gloves "Rekkipna" (worn) {rElec rPois rN+ Dex+2}
   (You acquired it on level 1 of the Lair of Beasts)

   Dex+2:     It affects your dexterity (+2).
   rElec:     It insulates you from electricity.
   rPois:     It protects you from poison rN+: It protects you from negative
   energy.
 S - a +0 pair of boots (worn)
 V - a +1 plate armour of poison resistance (worn)
Jewellery
 k - a ring of willpower (left hand)
 o - a +6 ring of strength
 C - an amulet of faith (around neck)
 R - a ring of protection from cold (right hand)
 U - an amulet of guardian spirit
Wands
 x - a wand of roots (15)
 z - a wand of digging (13)
 D - a wand of acid (8)
 L - a wand of charming (2)
Scrolls
 e - 3 scrolls of immolation
 l - 3 scrolls of fear
 v - 4 scrolls of revelation
 y - 10 scrolls of teleportation
 F - 2 scrolls of vulnerability
 J - 2 scrolls of enchant armour
 M - a scroll of blinking
 P - a scroll of poison
 Q - 2 scrolls of identify
Potions
 f - 3 potions of heal wounds
 g - 4 potions of brilliance
 h - a potion of cancellation
 m - 3 potions of mutation
 n - 4 potions of enlightenment
 q - 2 potions of haste
 r - 7 potions of curing
 t - 3 potions of lignification
 u - 2 potions of resistance
 E - a potion of magic {unknown}
 G - 3 potions of invisibility {unknown}
 K - a potion of might
Miscellaneous
 N - a phial of floods


   Skills:
 - Level 13.8 Fighting
 + Level 14.6 Axes
 - Level 13.8 Armour
 - Level 1.5 Dodging
 - Level 5.0 Evocations


You had 13 spell levels left.
You didn't know any spells.
Your spell library was empty.

Dungeon Overview and Level Annotations

Branches:
Dungeon (12/15)            Temple (0/1) D:7            Lair (4/5) D:9
  Swamp (0/4) Lair:3       Spider (0/4) Lair:2
  Slime: Lair:4-5       Orc: D:9-12

Altars:
Dithmenos
Gozag
Trog
Xom
Yredelemnul
Zin
The Shining One

Shops:
D:4 *   D:5 ?!(*!   D:9 =   D:10 [?*!   D:11 (

Annotations:
D:12 Nergalle
Lair:2 2 transporters, jasper's ghost, journeyman DEHW


Innate Abilities, Weirdness & Mutations

You are immune to sickness and miasma.
Your stone body is resilient. (AC +10)
You are immune to poison.
Your large and strong wings let you fly.
You resist negative energy. (rN+)
You are resistant to electric shocks. (rElec)
You are resistant to unholy torment.
You are immune to petrification.


Message History

You hit the slime creature but do no damage.
The liquid fire burns you!
The vampire mosquito closely misses you.
The slime creature barely misses you.
An orc comes into view. It is wielding a +0 mace.
The deep elf pyromancer hits you but does no damage.
The vampire mosquito bites you but does no damage.
You take 6 damage, and have 46/95 hp.
You closely miss the vampire mosquito.
The vampire mosquito is severely damaged.
You hit the slime creature but do no damage.
You slash the deep elf pyromancer! The liquid fire burns you!
The vampire mosquito bites you!
You take 13 damage, and have 33/95 hp.
You slash the vampire mosquito!
You destroy the vampire mosquito!
Trog accepts your kill.
You barely miss the slime creature.
You barely miss the deep elf pyromancer.
The liquid fire burns you!
* * * LOW HITPOINT WARNING * * *
The slime creature hits you but does no damage.
The deep elf pyromancer hits you but does no damage.
Nergalle the Soulbinder comes into view.
She is wielding a +0 dagger of electrocution.
You take 9 damage, and have 24/95 hp.
Your skin crawls.
You feel strong-willed. The liquid fire burns you!
* * * LOW HITPOINT WARNING * * *
The deep elf pyromancer hits you with a +0 short sword.
* * * LOW HITPOINT WARNING * * *
The slime creature hits you but does no damage.
You take 15 damage, and have 9/95 hp.
You shake off some of the fire as you move.
The liquid fire burns you!
* * * LOW HITPOINT WARNING * * *
The deep elf pyromancer casts a spell at you.
The bolt of fire hits you!
You die...

.............#
####.........+
#.........#
#.........+
#.........#####
####..............
.................#
...........#####.#
...........#...#@#
...........#...#†#
...........#..oJe#
...........#oV#o###
#######....+..#ooo####
#....##.)o8oo.ooo.
#.......#o..#####o
#[......##o#+
#.......##o#


You could see a slime creature, Nergalle, a deep elf pyromancer, an orc warrior
and 2 orcs.

Vanquished Creatures
  A catoblepas (Lair:2)
  8 death yaks
  A demonic crawler (D:12)
  Sonja (D:12)
  2 bog bodies (Lair:3)
  A deep elf pyromancer (D:9)
  A cyclops (D:12)
  A manticore (D:12)
  3 black mambas
  13 elephants
  Joseph (D:10)
  2 unseen horrors
  14 cane toads
  A rime drake (Lair:3)
  8 komodo dragons
  4 trolls
  2 polar bears
  14 blink frogs
  2 vampires
  A wyvern (D:11)
  A wraith (D:9)
  2 basilisks
  33 yaks
  4 vampire mosquitoes (D:12)
  A steam dragon (D:9)
  8 water moccasins
  4 swamp worms
  4 ice beasts
  2 ogres (D:5)
  A sky beast (D:7)
  5 black bears
  7 centaurs
  16 wolves
  3 phantoms
  4 kobold brigands
  Blork the orc (D:5)
  12 bullfrogs
  3 scorpions
  3 gnoll sergeants
  3 wights (D:9)
  12 killer bees
  3 electric eels
  3 howler monkeys
  2 bombardier beetles
  5 orc priests
  9 jellies
  A hound (D:5)
  4 gnoll boudas
  5 iguanas
  A sleepcap (D:7)
  11 orc wizards
  18 gnolls
  11 adders
  2 shadow imps
  3 ufetubi (D:7)
  2 dart slugs
  2 ribbon worms
  26 orcs
  7 ball pythons
  7 endoplasms
  6 giant cockroaches
  11 goblins
  9 hobgoblins
  2 jackals (D:4)
  3 quokkas
  4 bats
  2 frilled lizards
  24 kobolds
  9 rats
  A butterfly (D:1)
403 creatures vanquished.

Vanquished Creatures (collateral kills)
  A skyshark (Lair:2)
  3 blink frogs (Lair:2)
  A yak (Lair:2)
5 creatures vanquished.

Vanquished Creatures (others)
  An orc (D:12)
1 creature vanquished.

Grand Total: 409 creatures vanquished

Notes
Turn   | Place    | Note
-------+----------+-------------------------------------------
     0 | D:1      | jasper the Gargoyle Berserker began the quest for the Orb.
     0 | D:1      | Reached XP level 1. HP: 14/14 MP: 1/1
    58 | D:1      | Reached skill level 3 in Axes
    74 | D:1      | Reached XP level 2. HP: 19/19 MP: 2/2
   275 | D:1      | Reached XP level 3. HP: 24/24 MP: 3/3
   899 | D:2      | Reached XP level 4. HP: 29/29 MP: 4/4
   938 | D:2      | Reached skill level 4 in Axes
  1012 | D:2      | Reached ** piety under Trog
  1015 | D:2      | Found a shimmering altar of Xom.
  1808 | D:3      | Reached XP level 5. HP: 30/34 MP: 5/5
  2082 | D:3      | Identified the +1 chain mail of Insurance {Rampage Regen+
                  | Str-3}
  2704 | D:4      | Reached skill level 5 in Axes
  2704 | D:4      | Reached XP level 6. HP: 40/40 MP: 6/6
  2866 | D:4      | Found Kauvenle's Assorted Antiques.
  2869 | D:4      | Bought 2 glowing pink potions for 55 gold pieces
  2869 | D:4      | Bought 3 scrolls labelled JUARI ZONEYWIE for 93 gold pieces
  2944 | D:4      | Reached skill level 5 in Fighting
  3342 | D:4      | Reached XP level 7. HP: 20/44 MP: 7/7
  3507 | D:5      | Entered Level 5 of the Dungeon
  3569 | D:5      | Reached skill level 6 in Axes
  3671 | D:5      | You fall into a shaft and drop 2 floors!
  3792 | D:7      | Reached skill level 7 in Axes
  3792 | D:7      | Reached XP level 8. HP: 52/52 MP: 8/8
  4411 | D:5      | Noticed Blork the orc
  4420 | D:5      | Killed Blork the orc
  4421 | D:5      | Reached skill level 1 in Evocations
  4637 | D:5      | Found Zuiweeh's General Store.
  4640 | D:5      | Bought a potion of curing for 39 gold pieces
  4640 | D:5      | Bought a potion of haste for 130 gold pieces
  5060 | D:5      | Found Oheixaf's Distillery.
  5163 | D:5      | Found Guemiul's Magic Scroll Shop.
  5166 | D:5      | Bought a scroll of fear for 44 gold pieces
  5210 | D:5      | Reached XP level 9. HP: 49/57 MP: 9/9
  5376 | D:5      | Found Zaxuats's Weapon Emporium.
  5511 | D:5      | Found Zoitsidgh's Distillery.
  5701 | D:6      | Reached skill level 5 in Evocations
  5701 | D:6      | Reached skill level 8 in Axes
  6039 | D:6      | Reached *** piety under Trog
  6428 | D:7      | Found a staircase to the Ecumenical Temple.
  6861 | D:7      | Found a basalt altar of Yredelemnul.
  7028 | D:7      | Killed an unseen horror
  7206 | D:7      | Reached skill level 9 in Axes
  7267 | D:7      | Identified the +7 falchion of an ossuary {freeze, Dex+2}
  7276 | D:7      | Noticed a troll
  7287 | D:7      | Killed a troll
  7444 | D:7      | Reached XP level 10. HP: 62/64 MP: 10/10
  7645 | D:7      | Reached **** piety under Trog
  7763 | D:8      | Reached skill level 5 in Armour
  8197 | D:8      | Reached skill level 10 in Axes
  8727 | D:9      | Found Dyv Angan's Jewellery Emporium.
  8853 | D:5      | Bought a potion of curing for 30 gold pieces
  8853 | D:5      | Bought a potion of curing for 30 gold pieces
  8853 | D:5      | Bought a potion of heal wounds for 50 gold pieces
  8853 | D:5      | Bought a potion of might for 40 gold pieces
  9102 | D:9      | Noticed a deep elf pyromancer
  9111 | D:9      | Killed a deep elf pyromancer
  9286 | D:9      | Noticed an elephant
  9335 | D:9      | Killed an elephant
  9464 | D:9      | Reached skill level 11 in Axes
  9484 | D:9      | Reached XP level 11. HP: 61/72 MP: 11/11
  9595 | D:9      | Found a staircase to the Lair.
  9850 | D:9      | Found a glowing golden altar of the Shining One.
  9850 | D:9      | Found a faded altar of an unknown god.
  9858 | D:9      | Found a shadowy altar of Dithmenos.
  9861 | D:9      | Found a glowing silver altar of Zin.
  9863 | D:9      | Found an opulent altar of Gozag.
  9902 | D:10     | Entered Level 10 of the Dungeon
 10059 | D:10     | Reached skill level 10 in Fighting
 10221 | D:10     | Found Teciosch's Antique Armour Shop.
 10692 | D:10     | Found Teh Loc's Magic Scroll Shoppe.
 10707 | D:10     | Bought a scroll of blinking for 120 gold pieces
 10760 | D:10     | Found Riomp's General Store.
 10855 | D:10     | Found Vemny's Distillery.
 10855 | D:10     | Noticed Joseph
 10882 | D:10     | Killed Joseph
 11254 | D:11     | Reached skill level 12 in Axes
 11391 | D:11     | Noticed a manticore
 11453 | Lair:1   | Entered Level 1 of the Lair of Beasts
 12104 | Lair:1   | Reached skill level 13 in Axes
 12104 | Lair:1   | Reached XP level 12. HP: 22/77 MP: 12/12
 12347 | Lair:1   | Identified a scroll of acquirement
 12347 | Lair:1   | Acquired the +0 pair of gloves "Rekkipna" {rElec rPois rN+
                  | Dex+2}
 12506 | Lair:1   | HP: 3/77 [cane toad (16)]
 12513 | Lair:1   | HP: 1/77 [cane toad (16)]
 13225 | Lair:2   | Noticed a death yak
 13225 | Lair:2   | Noticed a death yak
 13254 | Lair:1   | Killed a death yak
 13309 | Lair:1   | Killed a death yak
 13417 | Lair:1   | Reached skill level 10 in Armour
 13539 | Lair:1   | Reached skill level 14 in Axes
 13739 | Lair:2   | Noticed a death yak
 13752 | Lair:2   | Noticed a death yak
 13758 | Lair:2   | Noticed a death yak
 13777 | Lair:1   | Killed a death yak
 13828 | Lair:2   | Noticed a skyshark
 13992 | Lair:1   | Killed a death yak
 14004 | Lair:1   | Killed a death yak
 14905 | Lair:2   | Killed a skyshark
 14906 | Lair:2   | Reached XP level 13. HP: 84/84 MP: 13/13
 14997 | Lair:2   | Noticed jasper's ghost (journeyman DEHW)
 15003 | Lair:2   | Found a transporter.
 15016 | Lair:2   | Found a bloodstained altar of Trog.
 15023 | Lair:2   | Found a transporter.
 15260 | Lair:2   | Found a hole to the Spider Nest.
 17401 | Lair:3   | Found a staircase to the Swamp.
 18417 | Lair:4   | Identified the +5 quarterstaff of the Eight Prophets
                  | {freeze, rC+}
 18839 | D:11     | Reached ***** piety under Trog
 18862 | D:11     | Found Vuext's Weapon Emporium.
 18872 | D:11     | Bought a +0 war axe for 38 gold pieces
 19074 | D:12     | Gained mutation: Your large and strong wings let you fly.
                  | [Gargoyle growth]
 19074 | D:12     | Reached XP level 14. HP: 43/95 MP: 14/14
 19254 | D:12     | Noticed Sonja
 19259 | D:12     | Killed Sonja
 19471 | D:12     | Noticed Nergalle
 19472 | D:12     | HP: 4/95 [burnt (5)]
 19472 | D:12     | Killed from afar by a deep elf pyromancer

Illustrated notes

Levels and vault maps discovered:
D:1:      enne_arrival_octagon_isle, layout_basic, serial_bayou,
          serial_bayou_pond_b, serial_bayou_pond_c, serial_bayou_shore_b,
          serial_bayou_pond_b, hangedman_glass_garden
D:2:      minmay_door_path, layout_rooms, basic_altar,
          chequers_serial_rivers_room_b
D:3:      layout_basic, amcnicky_mini_corridor_feature, hex_medium,
          nicolae_underground_beach
D:4:      nicolae_cairo_tiling_large, layout_loops_corners, serial_shops,
          nicolae_shop_trees
D:5:      black_bear_nest_2, layout_gridville, serial_shops, kennysheep_mini,
          shop, shop, nicolae_shop_rolled_up, shop, uniq_blork_the_orc
D:6:      layout_basic, kennysheep_nub, grunt_ministairs_11
D:7:      minmay_opposing_rooms, layout_rooms, mainiacjoe_overflow_24_doors,
          minmay_temple_entry_glass, lightli_ossuary_entry_decrepit_ruins
D:8:      layout_basic, nicolae_grassy_gnolls
D:9:      layout_basic, chequers_temple_overflow_minitemple, david_lair_generic,
          serial_shops, nicolae_shop_getting_attention
D:10:     layout_cave_pods, serial_shops, shop, shop, nicolae_stop_n_shop_2,
          shop, uniq_joseph
D:11:     hangedman_screamer, layout_loops_ring, gammafunk_ghost_smash,
          serial_shops, nicolae_shop_mannequins, minmay_between, uniq_josephine
D:12:     minmay_bloctagon_deflated, layout_irregular_city, hiddenorc2_lemuel,
          worms_lemuel, uniq_sonja, uniq_nergalle
Lair:1:   layout_regular_city, serial_bayou_shore_a, grunt_megastairs_5
Lair:2:   layout_small_grid, spider_nest_entry_web_field,
          gammafunk_ghost_wrathful_warriors, hibernation_bobbens,
          infiniplex_staircase_pool
Lair:3:   layout_chaotic_city, nicolae_swamp_entry_splash_gauntlet, st_stairs_9,
          serial_bayou_shore_b, lemuel_fruit_fields
Lair:4:   layout_hall_layers, grunt_megastairs_2

Skill      XL: |  1  2  3  4  5  6  7  8  9 10 11 12 13 |
---------------+----------------------------------------+-----
Axes           | 3 4 5 7 9 11 13 14 | 14.6
Fighting       | 4 5 6 7 8 9 10 11 13 | 13.8
Evocations     | 4 5 |  5.0
Armour         | 4 6 9 11 13 | 13.8
Dodging        | |  1.5

Action                     |  1- 3 |  4- 6 |  7- 9 | 10-12 | 13-15 || total
---------------------------+-------+-------+-------+-------+-------++-------
  Melee: Hand axe          |   101 |   249 |   387 |  1095 |   565 ||  2397
         Punch             |     1 |     3 |     1 |       |       ||     5
         War axe           |       |       |       |       |    76 ||    76
  Throw: Stone             |       |     1 |     3 |    10 |     2 ||    16
 Invoke: Berserk           |     1 |     3 |    10 |    19 |     9 ||    42
         Trog's Hand       |       |       |     1 |    13 |     4 ||    18
         Brothers in Arms  |       |       |       |     1 |       ||     1
  Evoke: Wand              |       |       |     4 |     4 |     2 ||    10
    Use: Scroll            |     2 |    12 |     5 |     5 |       ||    24
         Potion            |       |     1 |       |     2 |       ||     3
   Stab: Sleeping          |     1 |       |       |       |       ||     1
 Armour: Animal skin       |    59 |    11 |       |       |       ||    70
         Ring mail         |       |    49 |       |       |       ||    49
         Chain mail        |       |    89 |    37 |       |       ||   126
         Plate armour      |       |       |   296 |   932 |   574 ||  1802
  Dodge: Dodged            |    73 |   121 |   138 |   329 |   215 ||   876
  Block: Buckler           |       |       |    27 |   170 |    67 ||   264

Table legend: (Time is in decaauts)
 A = Elapsed time spent in this place.
 B = Non-inter-level travel time spent in this place.
 C = Inter-level travel time spent in this place.
 D = Time resting spent in this place.
 E = Time spent auto-exploring this place.
 F = Levels seen in this place.
 G = Mean time per level.
                   A        B        C        D        E       F      G
               +--------+--------+--------+--------+--------+-----+--------+
         Total |  19334 |  18351 |    983 |   4837 |   7035 |  16 | 1208.4 |
       Dungeon |  12309 |  11507 |    802 |   2555 |   4355 |  12 | 1025.8 |
          Lair |   7025 |   6845 |    180 |   2282 |   2680 |   4 | 1756.2 |
               +--------+--------+--------+--------+--------+-----+--------+

Top non-repeatable levels by time:
  Lair:1: 2645 daAuts
  Lair:3: 2039 daAuts
     D:7: 1566 daAuts
     D:5: 1536 daAuts
  Lair:2: 1478 daAuts
     D:6: 1319 daAuts
    D:10: 1296 daAuts
     D:4: 1178 daAuts
     D:8: 1100 daAuts
     D:9: 998 daAuts
  Lair:4: 862 daAuts
     D:2: 855 daAuts
     D:1: 817 daAuts
     D:3: 740 daAuts
    D:12: 584 daAuts
